cohdb
Replays
Latest Replays
All Replays
Popular Replays
Top Player Replays
Match Explorer
How It Works
Community
CoH3 Stats
Reddit
Sign in to upload your games and track your stats! →
Sign in with Steam
Match 41893319
Unlisted
Match 41893319
Overview
Messages
Build Orders
End
Panzergrenadier Squad
Selects Battlefield Espionage Battlegroup
Kradschützen Motorcycle Team
Panzergrenadier Squad
Panzergrenadier Squad
Selects 250/3 Funkpanzerwagen
Construct Light Support Kompanie
250/3 Funkpanzerwagen
2.5-tonne Medical Truck
Fire Support Elements
Assault Mechanized Group
MG34 Team
Flakvierling Half-track
Pak 38 Anti-tank Gun Team
Construct Panzerarmee Kommand
Selects Anti-Tank Incendiary Munitions
Selects Operation Skorpion
le.IG 18 Mechanized Group
سَۨفُـيٰانۨوٰس
mohamedkerdaoui
CosmeFulanito
JVM
0
0
Comments
sign in to comment!
No comments posted yet!